 Dungeon Crawl Stone Soup version 0.17-a0-465-g279efb6 (webtiles) character file.

4167 VenixHeart the Fighter (level 10, -5/59 HPs)
             Began as a Vine Stalker Fighter on Apr 6, 2015.
             Was an Initiate of Gozag.
             Killed from afar by a starcursed mass (11 damage)
             ... with an accursed screaming
             ... on level 1 of the Abyss.
             The game lasted 00:34:07 (6926 turns).

VenixHeart the Fighter (Vine Stalker Fighter)       Turns: 6926, Time: 00:34:08

Health: -5/59      AC: 18    Str: 23    XL:     10   Next: 28%
Magic:  0/11       EV:  6    Int:  8    God:    Gozag
Gold:   943        SH: 13    Dex: 16    Spells: 0 memorised, 9 levels left

rFire  . . .     SeeInvis .     Q - +7 mace of Siana {pain, +Inv rPois Dex+3}
rCold  . . .     Clarity  .     h - +0 chain mail (curse)
rNeg   + . .     SustAb   .     O - +3 shield
rPois  +         Gourm    .     w - +0 helmet
rElec  .         Spirit   +     J - +0 cloak
rCorr  .         Warding  .     g - +0 pair of gloves
rMut   .         Stasis   .     (no boots)
MR     +....                    (no amulet)
Stlth  ..........               y - ring of positive energy
                                a - +3 ring of protection

@: somewhat resistant to hostile enchantments, extremely unstealthy
A: fangs 3, regeneration 2, shaggy fur 1, magic shield, antimagic bite, no
device heal 3, rot immunity
a: Potion Petition, Call Merchant, Bribe Branch, Renounce Religion, Evoke
Invisibility


You were on level 1 of the Abyss.
You worshipped Gozag.
Gozag was noncommittal.
You were not hungry.

You visited 2 branches of the dungeon, and saw 9 of its levels.
You visited the Abyss 1 time.
You also visited: Ossuary.

You collected 1035 gold pieces.
You paid 92 gold pieces to Gozag.

Inventory:

Hand weapons
 o - a +0 scimitar of protection
 Q - the +7 mace of Siana (weapon) {pain, +Inv rPois Dex+3}
   (You took it off a kobold on level 6 of the Dungeon)

   In the hands of one skilled in necromantic magic, it inflicts extra damage on
   living creatures.
   It affects your dexterity (+3).
   It protects you from poison.
   It lets you turn invisible.
Armour
 g - a +0 pair of gloves (worn)
 h - a cursed +0 chain mail (worn)
 w - a +0 helmet (worn)
 J - a +0 cloak (worn)
 O - a +3 shield (worn)
Jewellery
 a - a +3 ring of protection (left hand)
 y - a ring of positive energy (right hand)
 B - an uncursed ring of protection from fire
 I - an uncursed ring of stealth
 K - an uncursed ring of flight
Magical devices
 j - a wand of disintegration (13)
 s - a wand of magic darts (26)
Scrolls
 c - 2 scrolls of enchant armour
 k - 3 scrolls of immolation
 m - a scroll of identify
 n - 3 scrolls of magic mapping
 r - a scroll of fog
 t - a scroll of fear {unknown}
 u - 2 scrolls of teleportation
 L - a scroll of remove curse {unknown}
 M - 3 scrolls of noise {unknown}
 N - 2 scrolls of recharging {unknown}
Potions
 b - a potion of brilliance {unknown}
 e - 3 potions of might
 f - 7 potions of curing
 l - 3 potions of heal wounds {unknown}
 q - 2 potions of degeneration {unknown}
 v - 2 potions of agility {unknown}
 x - a potion of magic {unknown}
 z - 2 potions of berserk rage {unknown}
 A - 2 potions of flight {unknown}
 F - 3 potions of ambrosia {unknown}
 G - a potion of cure mutation {unknown}
Comestibles
 d - 5 bread rations
 i - 4 meat rations
 p - 2 fruits
 C - a beef jerky
 D - a slice of pizza


   Skills:
 - Level 10.0 Fighting
 - Level 5.0 Long Blades
 + Level 7.6 Armour
 - Level 0.2 Dodging
 - Level 3.0 Shields


You had 9 spell levels left.
You didn't know any spells.

Dungeon Overview and Level Annotations

Branches:
Dungeon (8/15)             Temple (0/1) D:4            Lair (1/8) D:8

Altars:
Ashenzari
Cheibriados
Gozag
Kikubaaqudgha
Makhleb
Nemelex Xobeh
Ru
Xom
Zin

Annotations:
Lair:1 Sonja


Innate Abilities, Weirdness & Mutations

You have razor-sharp teeth.
You heal very quickly.
You are covered in fur (AC +1).
When hurt, damage is shared between your health and your magic reserves.
Your bite disrupts and absorbs the magic of your enemies.
Potions and wands cannot restore your health.
You are immune to rotting.


Message History

The hellfire explodes!
The burst of hellfire engulfs you! The hellion gestures at you.
The hellfire explodes!
The burst of hellfire engulfs you!
A starcursed mass comes into view.
A starcursed mass splits.
You block the sixfirhy's attack.
A starcursed mass splits.
A starcursed mass splits.
A chorus of shrieks assaults your mind.
A starcursed mass splits. x2
The sixfirhy hits you! The sixfirhy shocks you!
A deafening chorus of shrieks assaults your mind!
You block the sixfirhy's attack.
The sixfirhy hits you but does no damage.
The sixfirhy hits you!
* * * LOW HITPOINT WARNING * * *
The sixfirhy shocks you!
* * * LOW HITPOINT WARNING * * *
A deafening chorus of shrieks assaults your mind!
You die...
Your body crumbles into a pile of gold.

. .. # .... .
...... # .
....... . ...X##
# . ..(..X.. ..
..#..#XX###
........XX.# #
#. .. .##@.#
#...##.###4# .
.. ## # #.# ...
##..# .# #.##
.... #.. # .#
##.# ##...# #..
# #.# #.##.. ..#
###...# # #
#.2..#(#
###....# #.#
#.... .# # . ..
#
#.####..#.4ยง2..


You could see 6 starcursed masses, a sixfirhy and a hellion.

Vanquished Creatures
  Nergalle (Lair:1)
  A komodo dragon (Lair:1)
  Sigmund (D:5)
  A spriggan (D:7)
  A yak (D:8)
  A hog (D:7)
  2 deep elf fighters (D:6)
  A small abomination (Abyss:1)
  A water moccasin (Lair:1)
  2 black bears
  2 orc warriors (D:6)
  3 ogres
  A sky beast (D:7)
  A gnoll sergeant (D:6)
  An elf zombie (Ossuary)
  A giant frog (D:7)
  A scorpion (D:7)
  4 wights (D:7)
  A centaur zombie (Ossuary)
  2 jellies
  4 crimson imps
  A centaur skeleton (D:4)
  A goliath beetle (D:6)
  3 hounds
  2 human zombies (Ossuary)
  4 orc priests
  A giant frog skeleton (D:5)
  An iron imp (Abyss:1)
  2 orc wizards
  2 iguanas
  A sheep (D:7)
  2 worker ants
  2 mummies (Ossuary)
  A hound skeleton (D:7)
  18 adders
  3 gnolls (D:4)
  A shadow imp (D:6)
  2 worms
  3 adder zombies
  3 giant geckos
  2 oozes
  15 orcs
  A bat skeleton (D:4)
  A bat zombie (D:6)
  3 giant cockroaches
  17 goblins
  6 hobgoblins
  10 jackals
  3 quokkas
  7 ball pythons
  10 bats
  3 giant gecko skeletons
  3 giant newts
  A goblin zombie (D:5)
  8 hobgoblin zombies (Ossuary)
  3 jackal zombies (Ossuary)
  10 kobolds
  12 kobold zombies (Ossuary)
  9 orc zombies (Ossuary)
  A quokka zombie (D:7)
  11 rats
  A rat zombie (D:5)
  3 ballistomycetes (D:7)
226 creatures vanquished.

Vanquished Creatures (others)
  A giant spore (D:7)
1 creature vanquished.

Grand Total: 227 creatures vanquished

Notes
Turn   | Place    | Note
--------------------------------------------------------------
     0 | D:1      | VenixHeart, the Vine Stalker Fighter, began the quest for the Orb.
     0 | D:1      | Reached XP level 1. HP: 11/11 MP: 2/2
    40 | D:1      | Reached skill level 3 in Fighting
    40 | D:1      | Reached XP level 2. HP: 13/16 MP: 3/3
   638 | D:1      | Reached XP level 3. HP: 20/20 MP: 4/4
  1068 | D:2      | Reached XP level 4. HP: 15/24 MP: 5/5
  1435 | D:2      | Reached XP level 5. HP: 23/28 MP: 4/6
  1498 | D:2      | Reached skill level 4 in Long Blades
  1899 | D:3      | Noticed a black bear
  1910 | D:3      | Killed a black bear
  1910 | D:3      | Reached skill level 5 in Long Blades
  1910 | D:3      | Gained mutation: You heal very quickly. [Vine Stalker growth]
  1910 | D:3      | Reached XP level 6. HP: 30/32 MP: 7/7
  2114 | D:3      | Found a sparkling altar of Nemelex Xobeh.
  2320 | D:3      | Found an opulent altar of Gozag.
  2327 | D:3      | Found a shattered altar of Ashenzari.
  2330 | D:3      | Found a sacrificial altar of Ru.
  2342 | D:3      | Became a worshipper of Gozag Ym Sagoz the Greedy
  2559 | D:4      | Found a staircase to the Ecumenical Temple.
  2745 | D:4      | Reached XP level 7. HP: 29/38 MP: 6/8
  2833 | D:4      | Reached skill level 5 in Fighting
  3263 | D:4      | Found an ancient bone altar of Kikubaaqudgha.
  3562 | D:5      | Entered Level 5 of the Dungeon
  3613 | D:5      | Reached skill level 6 in Fighting
  3623 | D:5      | Found a snail-covered altar of Cheibriados.
  3693 | D:5      | Noticed Sigmund
  3695 | D:5      | Found a sand-covered staircase.
  3701 | D:5      | Killed Sigmund
  3701 | D:5      | Reached skill level 7 in Fighting
  3701 | D:5      | Gained mutation: You have razor-sharp teeth. [Vine Stalker growth]
  3701 | D:5      | Reached XP level 8. HP: 44/46 MP: 9/9
  3733 | Ossuary  | Entered an ossuary
  4101 | D:5      | Reached skill level 8 in Fighting
  4204 | D:5      | Found a shimmering altar of Xom.
  4716 | D:6      | Reached skill level 9 in Fighting
  4728 | D:6      | Reached XP level 9. HP: 53/53 MP: 10/10
  5074 | D:6      | Reached skill level 10 in Fighting
  5079 | D:6      | Got an ancient mace
  5081 | D:6      | Identified the +7 mace of Siana {pain, +Inv rPois Dex+3} (You took it off a kobold on level 6 of the Dungeon)
  6250 | D:7      | Found a glowing silver altar of Zin.
  6251 | D:7      | Found a burning altar of Makhleb.
  6252 | D:7      | Noticed an angel
  6252 | D:7      | Noticed a balrug
  6285 | D:7      | Reached skill level 5 in Armour
  6395 | D:8      | Found a staircase to the Lair.
  6510 | Lair:1   | Entered Level 1 of the Lair of Beasts
  6533 | Lair:1   | Noticed Nergalle
  6552 | Lair:1   | Killed Nergalle
  6552 | Lair:1   | Reached XP level 10. HP: 8/59 MP: 0/11
  6715 | Lair:1   | Noticed a komodo dragon
  6721 | Lair:1   | Killed a komodo dragon
  6806 | Lair:1   | Noticed Sonja
  6837 | Lair:1   | Cast into the Abyss (Sonja)
  6837 | Abyss:1  | Found a corrupted altar of Lugonu.
  6921 | Abyss:1  | Noticed a sixfirhy
  6922 | Abyss:1  | Noticed a starcursed mass
  6926 | Abyss:1  | Killed from afar by a starcursed mass

Action                   |  1- 3 |  4- 6 |  7- 9 | 10-12 || total
-------------------------+-------+-------+-------+-------++-------
Melee: Long sword        |    94 |   275 |   282 |       ||   651
       Mace              |       |       |   111 |    15 ||   126
  Use: Potion            |       |       |     4 |       ||     4
       Scroll            |       |       |    10 |       ||    10
  Eat: Bread ration      |       |     1 |     3 |       ||     4
       Royal jelly       |       |     1 |       |       ||     1
       Fruit             |       |       |     1 |       ||     1
